 Dungeon Crawl Stone Soup version 0.23-a0-639-ga9a3373 (webtiles) character file.

78 Leeroy the Slasher (level 4, -1/36 HPs)
             Began as a Draconian Skald on Dec 29, 2018.
             Was a Follower of Vehumet.
             Slain by a hobgoblin
             ... wielding a cursed -1 club
              (3 damage)
             ... on level 2 of the Dungeon.
             The game lasted 00:04:11 (1485 turns).

Leeroy the Slasher (Draconian Skald)                Turns: 1485, Time: 00:04:11

Health: -1/36      AC:  6    Str: 13    XL:     4   Next: 15%
Magic:  2/7        EV: 12    Int: 14    God:    Vehumet [*.....]
Gold:   111        SH:  0    Dex: 11    Spells: 2/7 levels left

rFire    . . .     SeeInvis .   a - +0 falchion
rCold    . . .     Gourm    .   (no shield)
rNeg     . . .     Faith    .   (armour unavailable)
rPois    .         Spirit   .   (helmet restricted)
rElec    .         Reflect  .   (no cloak)
rCorr    .         Harm     .   n - +0 pair of gloves
MR       .....                  (no boots)
Stlth    +.........             (no amulet)
HPRegen  0.12/turn              (no ring)
MPRegen  0.10/turn              (no ring)

@: lethally poisoned (-1 -> -2), very slightly contaminated
A: unfitting armour, cold-blooded, AC +5
a: Renounce Religion


You were on level 2 of the Dungeon.
You worshipped Vehumet.
Vehumet was aware of your devotion.
You were not hungry.

You visited 1 branch of the dungeon, and saw 2 of its levels.

You collected 111 gold pieces.

Inventory:

Hand Weapons
 a - a +0 falchion (weapon)
 j - a +0 hunting sling
Missiles
 b - 30 arrows
 d - 23 sling bullets
 i - a throwing net (quivered)
 k - 23 stones
 m - 8 poisoned needles
Armour
 n - a +0 pair of gloves (worn)
Scrolls
 e - a scroll of remove curse {unknown}
 g - 2 scrolls of identify {unknown}
 h - a scroll of random uselessness {unknown}
 o - a scroll of enchant armour {unknown}
Comestibles
 c - 4 rations
 l - 2 chunks of flesh


   Skills:
 - Level 2.1 Fighting
 + Level 4.4 Long Blades
 - Level 2.1 Dodging
 - Level 2.0 Spellcasting
 - Level 2.6 Charms
 + Level 0.1 Earth Magic


You had 2 spell levels left.
You knew the following spells:

 Your Spells              Type           Power        Failure   Level  Hunger
a - Infusion              Chrm           #...         8%          1    ##.....
b - Spectral Weapon       Hex/Chrm       #.......     38%         3    ####...
c - Sandblast             Erth           #.....       22%         1    ##.....

Your spell library contained the following spells:

 Spells                   Type           Power        Failure   Level  Hunger
 Song of Slaying          Chrm           #.......     12%         2    ###....
 Shroud of Golubria       Chrm/Tloc      #.........   21%         2    ###....
 Regeneration             Chrm/Necr      #.........   38%         3    ####...


Dungeon Overview and Level Annotations

Branches:
Dungeon (2/15)

Altars:
Uskayaw
Vehumet


Innate Abilities, Weirdness & Mutations

Your plain brown scales are hard. (AC +5)
You cannot fit into any form of body armour.
You are cold-blooded and may be slowed by cold attacks.


Message History

The hobgoblin is severely wounded.
You feel sick.
The hobgoblin hits you but does no damage.
You hit the hobgoblin but do no damage.
The hobgoblin is severely wounded.
The hobgoblin hits you with a cursed -1 club.
* * * LOW HITPOINT WARNING * * *
You barely miss the hobgoblin.
The hobgoblin is heavily wounded.
The hobgoblin barely misses you.
You barely miss the hobgoblin.
The hobgoblin is heavily wounded.
You feel sick.
The hobgoblin hits you with a cursed -1 club.
* * * LOW HITPOINT WARNING * * *
Unknown command.
You hit the hobgoblin.
The hobgoblin is severely wounded.
The hobgoblin hits you with a cursed -1 club.
You die...

### ....####### ..........#
.......8..# ####
..........## ########....#
......?8.g.####............
..%).....#@...#.#....#...#
..._...8.#..†.#.#...#.#..#
..###...........##.#._.#.##
. ....##...........#.#....
#..### #.......##...#...#
#.# ##....#.##.......## #.#
#....#.#####...... #.#
#...##.# #.##### #.#
#...##.# #.#


You could see a hobgoblin.

Vanquished Creatures
  2 adders (D:2)
  4 dart slugs
  A leopard gecko (D:1)
  3 bats
  2 giant cockroaches (D:1)
  7 goblins
  5 hobgoblins
  6 jackals (D:1)
  A ball python (D:2)
  2 frilled lizards (D:1)
  9 kobolds
  8 rats
50 creatures vanquished.

Notes
Turn   | Place    | Note
-------+----------+-------------------------------------------
     0 | D:1      | Leeroy the Draconian Skald began the quest for the Orb.
     0 | D:1      | Reached XP level 1. HP: 17/17 MP: 3/3
   304 | D:1      | Found a radiant altar of Vehumet.
   317 | D:1      | Reached XP level 2. HP: 17/24 MP: 5/5
   323 | D:1      | Reached skill level 3 in Long Blades
   338 | D:1      | Became a worshipper of Vehumet
   535 | D:1      | Reached XP level 3. HP: 16/29 MP: 6/6
   543 | D:1      | Learned a level 3 spell: Spectral Weapon
  1041 | D:2      | Reached * piety under Vehumet
  1041 | D:2      | Offered knowledge of Sandblast by Vehumet.
  1044 | D:2      | Learned a level 1 spell: Sandblast
  1083 | D:2      | Reached skill level 4 in Long Blades
  1401 | D:2      | Reached XP level 4. HP: 25/36 MP: 3/7
  1437 | D:2      | Found a faded altar of an unknown god.
  1453 | D:2      | Found a hide-covered altar of Uskayaw.
  1485 | D:2      | Slain by a hobgoblin

Vault maps used:
D:1:      psy_arrival_fountain, minmay_hexomino_r4
D:2:      minmay_angry_zag, lemuel_blue_sif_altar,
          eat_drink_and_be_merry_uskayaw,
          chequers_ecumenical_altar_simple_redux, first_ration

Skill      XL: |  1  2  3 |
---------------+----------+-----
Long Blades    | 3 4 |  4.4
Fighting       | |  2.1
Dodging        | |  2.1
Spellcasting   | |  2.0
Charms         | |  2.6
Earth Magic    | |  0.1

Action                   |  1- 3 |  4- 6 || total
-------------------------+-------+-------++-------
Melee: Falchion          |   146 |    20 ||   166
       Tailslap          |    15 |     2 ||    17
 Cast: Sandblast         |     2 |     4 ||     6
  Use: Potion            |       |     1 ||     1
  Eat: Chunk             |     2 |       ||     2
Armor: Skin              |    52 |     9 ||    61
Dodge: Dodged            |   118 |    17 ||   135
       Rpst.: Falchion   |    38 |     4 ||    42

Table legend:
 A = Non-vault XP
 B = Vault XP
 C = Vault XP percentage of total XP
 D = Non-vault monster count
 E = Vault monster count
 F = Vault count percentage of total count
                 A         B        C        D         E       F
            +---------+---------+-------+---------+---------+-------
      Total |      96 |      16 |  14.3 |      43 |       7 |  14.0
            +---------+---------+-------+---------+---------+-------
        D:1 |      49 |      10 |  16.9 |      28 |       4 |  12.5
        D:2 |      47 |       6 |  11.3 |      15 |       3 |  16.7
            +---------+---------+-------+---------+---------+-------
